 Dungeon Crawl Stone Soup version 0.25-a0-80-g9b55229ae5 (webtiles) character file.

Game seed: 12489490001594591979, levelgen mode: deterministic

407146 MrRokkomies the Imperceptible (level 22, -1/175 HPs)
             Began as a Vampire Enchanter on Nov 5, 2019.
             Was the Champion of Dithmenos.
             Slain by a snapping turtle zombie (15 damage)
             ... on level 2 of the Crypt on Nov 7, 2019.
             The game lasted 04:29:19 (54302 turns).

MrRokkomies the Imperceptible (Vampire Enchanter)  Turns: 54302, Time: 04:29:19

Health: -1/175     AC: 30    Str: 14    XL:     22   Next: 39%
Magic:  42/43      EV: 16    Int: 25    God:    Dithmenos [******]
Gold:   2800       SH:  6    Dex: 17    Spells: 4/37 levels left

rFire    + + +     SeeInvis +   a - +9 rapier (speed)
rCold    + . .     Gourm    .   N - +2 buckler {rF+}
rNeg     + + .     Faith    .   d - +8 fire dragon scales
rPois    +         Spirit   .   m - +2 helmet
rElec    +         Reflect  .   C - +1 cloak "Lussiofa" {rElec rF+ Dex+2}
rCorr    .         Harm     .   A - +0 pair of gloves "Ruhifan" {rC+ rN+ Str+7 Dex-2} (curse)
MR       +++++     Clarity  +   f - +2 pair of boots
Stlth    ++++++++++             G - amulet of the Four Winds {rN+ MR+++ Clar}
HPRegen  0.59/turn              P - ring of magical power
MPRegen  0.28/turn              i - ring "Heiwka" {rPois rC+}

@: confusing touch, regenerating quickly, wreathed by umbra
A: no food, fangs 3, see invisible, mutation resistance 1, unbreathing
}: 2/15 runes: decaying, gossamer
a: Exsanguinate, Shadow Step, Shadow Form, Renounce Religion


You were on level 2 of the Crypt.
You worshipped Dithmenos.
Dithmenos was exalted by your worship.
You were alive.

You visited 8 branches of the dungeon, and saw 40 of its levels.
You also visited: Sewer, Bailey, Ice Cave, Volcano and Wizlab.

You collected 4968 gold pieces.
You spent 2168 gold pieces at shops.

Inventory:

Hand Weapons
 a - a +9 rapier of speed (weapon)
 b - a +3 arbalest of freezing
 w - the +8 demon blade "Bloodbane" {slice, *Rage +Rage Stlth-}
   (You bought it in a shop on level 8 of the Dungeon)

   It inflicts extra damage upon your enemies.
   It lets you go berserk.
   It may make you go berserk in combat.
   It makes you less stealthy.
Missiles
 S - 1190 bolts
Armour
 d - +8 fire dragon scales (worn)
 f - a +2 pair of boots (worn)
 m - a +2 helmet (worn)
 o - a scarf of repulsion
 A - the cursed +0 pair of gloves "Ruhifan" (worn) {rC+ rN+ Str+7 Dex-2}
   (You found it in a volcano)

   It affects your strength (+7).
   It affects your dexterity (-2).
   It protects you from cold.
   It protects you from negative energy.
   It has a curse placed upon it.
 C - the +1 cloak "Lussiofa" (worn) {rElec rF+ Dex+2}
   (You acquired it on level 3 of the Elven Halls)

   It affects your dexterity (+2).
   It protects you from fire.
   It insulates you from electricity.
 N - a +2 buckler of fire resistance (worn)
Magical Staves
 R - an uncursed staff of wizardry
Jewellery
 i - the ring "Heiwka" (right hand) {rPois rC+}
   (You bought it in a shop on level 2 of the Orcish Mines)

   [ring of poison resistance]

   It protects you from cold.
   It protects you from poison.
 q - an uncursed ring of protection from cold
 E - an uncursed ring of protection from fire
 G - the amulet of the Four Winds (around neck) {rN+ MR+++ Clar}
   (You found it on level 6 of the Dungeon)

   [amulet of nothing]

   It protects you from negative energy.
   It affects your resistance to hostile enchantments.
   It protects you against confusion.
 K - an uncursed ring of resist corrosion
 P - a ring of magical power (left hand)
 U - an uncursed ring of flight
Wands
 v - a wand of scattershot (7)
 y - a wand of flame (16)
 z - a wand of paralysis (32)
 B - a wand of iceblast (52)
 D - a wand of enslavement (9)
 L - a wand of disintegration (35)
 O - a wand of clouds (7)
 W - a wand of digging (2)
Scrolls
 j - 4 scrolls of magic mapping
 k - 5 scrolls of enchant weapon
 n - 21 scrolls of identify
 p - 7 scrolls of teleportation
 r - 2 scrolls of torment
 t - 21 scrolls of remove curse
 F - 11 scrolls of fear
 T - 2 scrolls of fog
 V - 2 scrolls of immolation
Potions
 c - 4 potions of flight
 e - 5 potions of resistance
 g - 9 potions of curing
 h - 10 potions of might
 l - 9 potions of brilliance
 x - 8 potions of haste
 J - a potion of agility
 M - 3 potions of cancellation
 X - 7 potions of ambrosia
 Y - 4 potions of berserk rage
Miscellaneous
 s - 4 boxes of beasts
 u - a phial of floods
 I - a lightning rod (4/4)


   Skills:
 - Level 15.0 Fighting
 - Level 14.0 Short Blades
 - Level 10.0 Armour
 - Level 13.1 Dodging
 + Level 25.8 Stealth
 - Level 8.0 Spellcasting
 - Level 18.0 Hexes
 - Level 3.0 Summonings
 - Level 5.0 Translocations
 - Level 10.0 Transmutations
 * Level 9.5 Poison Magic
 - Level 11.5 Invocations
 - Level 8.0 Evocations


You had 4 spell levels left.
You knew the following spells:

 Your Spells              Type           Power        Failure   Level  Hunger
a - Dazzling Spray        Conj/Hex       ######       3%          3    N/A
b - Alistair's Intoxicat  Tmut/Pois      ######..     22%         5    N/A
c - Confuse               Hex            #######.     1%          3    N/A
d - Tukima's Dance        Hex            #######.     1%          3    N/A
e - Confusing Touch       Hex            ######       1%          1    N/A
f - Cause Fear            Hex            #######...   1%          4    N/A
g - Blink                 Tloc           N/A          9%          2    N/A
h - Invisibility          Hex            #######.     4%          6    N/A
i - Summon Butterflies    Summ           ####....     12%         1    N/A
j - Yara's Violent Unrav  Hex/Tmut       ######....   3%          5    N/A

Your spell library contained the following spells:

 Spells                   Type           Power        Failure   Level  Hunger
 Corona                   Hex            #######      1%          1    N/A
 Ensorcelled Hibernation  Hex/Ice        ######       1%          2    N/A
 Slow                     Hex            #######.     1%          2    N/A
 Portal Projectile        Hex/Tloc       ######       1%          3    N/A
 Summon Guardian Golem    Hex/Summ       ######..     1%          3    N/A
 Inner Flame              Hex/Fire       ######..     3%          3    N/A
 Spectral Weapon          Hex/Chrm       ######..     3%          3    N/A
 Apportation              Tloc           #####.       5%          1    N/A
 Poisonous Vapours        Pois/Air       ####..       9%          2    N/A
 Ignite Poison            Fire/Tmut/Pois #####...     9%          3    N/A
 Fulminant Prism          Conj/Hex       ######....   11%         4    N/A
 Leda's Liquefaction      Hex/Erth       ######....   11%         4    N/A
 Summon Small Mammal      Summ           ####         12%         1    N/A
 Gell's Gravitas          Tloc           #####.....   16%         3    N/A
 Lesser Beckoning         Tloc           #####.....   16%         3    N/A
 Call Imp                 Summ           ####....     19%         2    N/A
 Shroud of Golubria       Chrm/Tloc      ###...       22%         2    N/A
 Recall                   Summ/Tloc      N/A          24%         3    N/A
 Mephitic Cloud           Conj/Pois/Air  ####....     34%         3    N/A
 Animate Skeleton         Necr           N/A          38%         1    N/A
 Flame Tongue             Conj/Fire      ##...        38%         1    N/A
 Infusion                 Chrm           ##..         38%         1    N/A
 Magic Dart               Conj           ##..         38%         1    N/A
 Shock                    Conj/Air       ##..         38%         1    N/A
 Petrify                  Tmut/Erth      #####...     47%         4    N/A
 Searing Ray              Conj           ##....       54%         2    N/A
 Song of Slaying          Chrm           ##......     54%         2    N/A
 Swiftness                Chrm/Air       ##......     54%         2    N/A
 Throw Flame              Conj/Fire      ##....       54%         2    N/A
 Conjure Flame            Conj/Fire      ##......     77%         3    N/A
 Regeneration             Chrm/Necr      ##........   77%         3    N/A
 Static Discharge         Conj/Air       ##......     77%         3    N/A
 Force Lance              Conj/Tloc      ###.....     83%         4    N/A
 Summon Lightning Spire   Summ/Air       ###.....     92%         4    N/A
 Airstrike                Air            ##........   99%         4    N/A
 Iskenderun's Mystic Bla  Conj           ##......     99%         4    N/A
 Throw Icicle             Conj/Ice       ##......     99%         4    N/A
 Metabolic Englaciation   Hex/Ice        ######....   28%         5    N/A
 Silence                  Hex/Air        ######....   28%         5    N/A
 Dragon Form              Tmut           ######....   99%         7    N/A
 Bolt of Magma            Conj/Fire/Erth ##........   100%        5    N/A
 Fireball                 Conj/Fire      ##........   100%        5    N/A
 Iskenderun's Battlesphe  Conj/Chrm      ##......     100%        5    N/A
 Lightning Bolt           Conj/Air       ##........   100%        5    N/A
 Bolt of Fire             Conj/Fire      ##........   100%        6    N/A
 Conjure Ball Lightning   Conj/Air       ##........   100%        6    N/A
 Deflect Missiles         Chrm/Air       ##........   100%        6    N/A
 Freezing Cloud           Conj/Ice/Air   ##........   100%        6    N/A
 Iron Shot                Conj/Erth      ##........   100%        6    N/A
 Ring of Flames           Chrm/Fire      ##........   100%        7    N/A
 Ignition                 Fire           ##........   100%        8    N/A
 Dragon's Call            Summ           ####......   100%        9    N/A
 Shatter                  Erth           ##........   100%        9    N/A
 Tornado                  Air            ##........   100%        9    N/A

Dungeon Overview and Level Annotations

Branches:
Dungeon (15/15)            Temple (0/1) D:7            Lair (6/6) D:9
  Swamp (4/4) Lair:2       Spider (4/4) Lair:2        Slime (0/5) Lair:5
    Orc (2/2) D:12            Elf (3/3) Orc:2        Vaults (4/5) D:13
  Crypt (2/3) Vaults:2     Depths (0/5) D:15          Sewer (visited)
 Bailey (visited)           IceCv (visited)         Volcano (visited)
 WizLab (visited)

Altars:
Ashenzari
Dithmenos
Elyvilon
Kikubaaqudgha
Makhleb
Okawaru
Ru
Sif Muna
Trog
Uskayaw
Vehumet
Xom
Yredelemnul
The Shining One
Beogh
Jiyva

Shops:
D:4 *   D:8 *   Orc:2 [(=*   Elf:1 %   Vaults:4 *

Annotations:
Orc:2 3 runed translucent doors, GameOver's ghost, journeyman NaWz; JackS81's ghost, journeyman MiBe; motoroller71's ghost, journeyman GrFi


Innate Abilities, Weirdness & Mutations

You do not eat.
Your natural rate of healing is unusually fast.
You have razor-sharp teeth.
You have supernaturally acute eyesight. (SInv)
You can survive without breathing.
You are somewhat resistant to further mutation.


Message History

You block the jiangshi's attack.
The snapping turtle zombie closely misses you.
The jiangshi misses you. The jiangshi claws you!
* * * LOW HITPOINT WARNING * * *
The jiangshi draws strength from your injuries!
The jiangshi claws you!
* * * LOW HITPOINT WARNING * * *
The jiangshi claws you but does no damage.
Casting: Confusing Touch (safe; 1% risk of failure)
Confirm with . or Enter, or press ? or * to list all spells.
Your hands begin to glow red.
You feel less vulnerable to hostile enchantments.
The jiangshi claws you!
* * * LOW HITPOINT WARNING * * *
The jiangshi barely misses you. The jiangshi claws you!
* * * LOW HITPOINT WARNING * * *
The jiangshi draws strength from your injuries!
The jiangshi closely misses you.
The snapping turtle zombie bites you from afar!
You die...

..### #.## # ....# #... .# .
....# #... .###.. ..>.#
#########...###......
...#####....................
...# #....#...# #........$
...# #....#...# #......#.#
..####....#...#####......#
....%...^.......@VZ..?......
.......#.##.....######...#.#
.......#.........[.. ......
.......###...###...# .###.#
#...#### #...# ...# .# ..
.#### ##### ...# .# #### .#
##


You could see a jiangshi and a snapping turtle zombie.

Vanquished Creatures
  Mennas (Crypt:1)
  Mara (Swamp:4)
  Saint Roka (Orc:1)
  Margery (Vaults:2)
  Arachne (Spider:1)
  2 deep elf master archers (Elf:3)
  3 deep elf blademasters
  Gastronok (Lair:3)
  4 thorn hunters
  An ancient champion (Crypt:1)
  2 sphinxes
  Kirke (Spider:4)
  2 tengu reavers (Vaults:4)
  2 revenants (Crypt:2)
  2 storm dragons (Vaults:2)
  6 ghost moths
  A frost giant (D:15)
  2 emperor scorpions (Spider:4)
  A ghoul (D:14)
  6 vault wardens
  4 deep elf sorcerers
  2 deep elf elementalists (Elf:3)
  8 very ugly things
  4 entropy weavers
  10 deep elf demonologists
  5 stone giants
  17 ironheart preservers
  Azrael (Elf:1)
  2 vampire knights (Crypt:1)
  A spark wasp (Spider:4)
  11 purple draconians (WizLab)
  A red draconian (Volcano)
  8 statues (WizLab)
  4 eidola
  4 deep elf annihilators
  8 deep elf death magi
  An ettin (Vaults:4)
  4 fire dragons
  2 jiangshi (Crypt:2)
  Fannar (Lair:3)
  5 yaktaur captains
  4 deep elf high priests
  A servant of whispers (Vaults:3)
  4 rakshasas
  2 great orbs of eyes
  18 hydras
  7 vault guards
  4 ice dragons
  A ghost crab (Swamp:3)
  A quicksilver dragon skeleton (Crypt:1)
  5 shambling mangroves
  4 death knights
  8 centaur warriors
  17 two-headed ogres
  32 dancing weapons
  13 alligators
  3 death yaks (D:9)
  3 tengu warriors
  7 ogre magi
  2 vampire magi (Crypt:2)
  2 deep troll earth magi (Vaults:4)
  Nergalle (Lair:3)
  An orc high priest (Orc:2)
  A soul eater (Crypt:2)
  13 skeletal warriors
  20 deep elf knights
  A fire crab (Lair:6)
  An iron giant zombie (Crypt:1)
  A hell knight (Vaults:2)
  An unseen horror (shapeshifter) (Elf:3)
  3 deep trolls (Vaults:4)
  5 unseen horrors
  A deep troll (shapeshifter) (Vaults:4)
  A spriggan druid (Swamp:3)
  A glowing orange brain (Vaults:4)
  12 swamp dragons
  16 deep elf archers
  A harpy (shapeshifter) (Vaults:3)
  Pikel (D:6)
  13 ironbrand convokers
  8 necromancers
  A lindwurm (Lair:6)
  6 phantasmal warriors
  12 orc knights
  4 harpies (Vaults:2)
  44 ugly things
  A wolf spider zombie (D:14)
  30 wolf spiders
  9 orb spiders
  An orb spider (shapeshifter) (Vaults:2)
  5 cyclopes
  78 deep elf magi
  4 moths of wrath
  11 elephants
  A shadow dragon skeleton (Crypt:1)
  2 manticores
  4 orc sorcerers
  Joseph (D:8)
  2 centaur zombies
  A black mamba (shapeshifter) (D:14)
  7 vault sentinels
  8 black mambas
  Maurice (D:8)
  A frost giant skeleton (Crypt:1)
  A guardian serpent (D:10)
  An alligator snapping turtle zombie (Crypt:2)
  3 ice statues (IceCv)
  6 torpor snails
  3 gargoyles
  3 centaur skeletons (D:15)
  17 spiny frogs
  A yaktaur zombie (Vaults:1)
  6 freezing wraiths
  4 rime drakes
  34 yaktaurs
  A komodo dragon (shapeshifter) (Vaults:4)
  10 demonic crawlers
  5 komodo dragons
  6 ice devils (IceCv)
  A troll (shapeshifter) (Vaults:2)
  A queen bee (shapeshifter) (Elf:3)
  5 trolls
  3 polar bears
  A merfolk (shapeshifter) (Vaults:2)
  23 jumping spiders
  A death drake zombie (Crypt:1)
  38 hornets
  6 blink frogs
  17 tyrant leeches
  A hydra zombie (Crypt:1)
  2 saltlings (Vaults:3)
  A harpy skeleton (Crypt:1)
  4 bog bodies
  A dream sheep (shapeshifter) (Vaults:2)
  22 slime creatures
  16 hippogriffs
  2 meliai zombies
  3 dream sheep
  2 air elementals (Elf:3)
  4 shadows
  A tarantella (shapeshifter) (Elf:3)
  A black mamba zombie (Crypt:1)
  An ettin skeleton (Crypt:1)
  91 redbacks
  24 tarantellas
  A vampire (D:13)
  4 spriggans
  4 water elementals
  5 wraiths
  A black mamba skeleton (Crypt:1)
  5 fire elementals
  2 steam dragons (Lair:6)
  3 wyverns
  42 yaks
  2 basilisks (Lair:6)
  5 hungry ghosts
  9 vampire mosquitoes
  3 human simulacra
  18 swamp worms
  20 insubstantial wisps
  5 wargs
  A soldier ant (D:11)
  4 acid dragons
  Duvessa (D:4)
  9 water moccasins
  11 porcupines
  19 swamp drakes
  A floating eye (shapeshifter) (Elf:1)
  3 hell hounds (Elf:1)
  2 eyes of draining (D:11)
  A hornet zombie (D:7)
  32 orc warriors
  4 slaves (D:6)
  A snapping turtle zombie (Crypt:1)
  An elf zombie (Vaults:1)
  3 ice beasts
  4 sky beasts
  A phantom (D:14)
  4 boggarts (D:14)
  16 ogres
  A torpor snail zombie (Crypt:1)
  15 centaurs
  14 crocodiles
  8 wolves
  5 big kobolds
  Blork the orc (D:5)
  3 earth elementals
  16 bullfrogs
  A gnoll sergeant (D:8)
  A wyvern zombie (Crypt:2)
  Dowan (D:4)
  2 water moccasin zombies
  5 scorpions
  A water moccasin skeleton (D:8)
  3 wights (Crypt:2)
  2 howler monkeys
  5 electric eels
  4 crimson imps
  4 bullfrog zombies
  2 draconian simulacra (IceCv)
  11 hounds
  4 jellies
  19 orc priests
  20 orc wizards
  6 iguanas
  2 hell rats (D:9)
  A porcupine zombie (Crypt:2)
  10 worker ants
  3 spriggan simulacra (IceCv)
  A troll simulacrum (IceCv)
  An ogre zombie (Crypt:1)
  A centaur simulacrum (IceCv)
  A hound skeleton (D:6)
  A mummy (D:15)
  A howler monkey zombie (D:8)
  14 gnolls
  14 adders
  3 river rats
  A naga simulacrum (IceCv)
  2 ogre simulacra (IceCv)
  2 shadow imps
  2 worms
  3 dart slugs
  8 leopard geckos
  102 orcs
  5 ball pythons
  6 bats
  17 giant cockroaches
  7 goblins
  13 hobgoblins
  22 jackals
  30 kobolds
  3 quokkas
  A ball python zombie (Crypt:1)
  14 frilled lizards
  A jackal zombie (D:3)
  A leopard gecko skeleton (Crypt:1)
  A quokka skeleton (D:9)
  12 rats
1698 creatures vanquished.

Vanquished Creatures (collateral kills)
  5 vault wardens
  A death knight (Vaults:4)
  5 two-headed ogres
  3 vault guards
  2 hell knights (Vaults:2)
  4 orc knights
  3 orb spiders (Spider:4)
  5 ugly things (Vaults:4)
  3 yaktaurs (Vaults:4)
  A freezing wraith (Vaults:4)
  A tengu conjurer (D:13)
  2 jumping spiders (Spider:4)
  A hornet (Spider:4)
  A redback (Spider:4)
  A tarantella (Spider:4)
  5 orc warriors
  5 ogres
  A bullfrog zombie (D:13)
  An orc wizard (Vaults:4)
  4 gnolls (Bailey)
  3 orcs (D:13)
  2 hobgoblins (Bailey)
  3 kobolds (Bailey)
62 creatures vanquished.

Vanquished Creatures (others)
  A deep elf sorcerer (Elf:3)
  An alligator (Swamp:4)
  4 dancing weapons
  3 deep trolls (Vaults:4)
  A swamp dragon (Swamp:4)
  An ugly thing (Vaults:4)
  2 deep elf magi
  2 tarantellas
  4 humans (Spider:4)
  A quokka (D:2)
  A bush (Lair:6)
  24 fungi
  23 plants
  2 withered plants (D:15)
70 creatures vanquished.

Grand Total: 1830 creatures vanquished

Notes
Turn   | Place    | Note
-------+----------+-------------------------------------------
     0 | D:1      | MrRokkomies the Vampire Enchanter began the quest for the
                  | Orb.
     0 | D:1      | Reached XP level 1. HP: 13/13 MP: 3/3
   132 | D:1      | Reached XP level 2. HP: 17/19 MP: 5/5
   140 | D:1      | Learned a level 2 spell: Ensorcelled Hibernation
   280 | D:1      | Reached skill level 5 in Hexes
   563 | D:1      | Reached XP level 3. HP: 24/24 MP: 6/6
   573 | D:1      | Reached skill level 5 in Stealth
   590 | D:1      | Learned a level 3 spell: Confuse
  1112 | D:2      | Found a radiant altar of Vehumet.
  1189 | D:2      | Found a white marble altar of Elyvilon.
  1293 | D:2      | Found a shadowy altar of Dithmenos.
  1301 | D:2      | Became a worshipper of Dithmenos the Shadowed
  1303 | D:2      | Reached XP level 4. HP: 30/30 MP: 4/7
  2115 | D:3      | Reached * piety under Dithmenos
  2428 | D:3      | Reached XP level 5. HP: 35/35 MP: 8/8
  2800 | D:4      | Found Joczynim's General Store.
  2852 | D:4      | Found a burning altar of Makhleb.
  2944 | D:4      | Found a bloodstained altar of Trog.
  3050 | D:4      | Reached skill level 6 in Stealth
  3052 | D:4      | Reached XP level 6. HP: 41/41 MP: 4/9
  3091 | D:4      | Reached ** piety under Dithmenos
  3188 | D:4      | Found a shattered altar of Ashenzari.
  3266 | D:4      | Learned a level 3 spell: Tukima's Dance
  3359 | D:4      | Noticed Duvessa
  3360 | D:4      | Noticed Dowan
  3364 | D:4      | Killed Duvessa
  3364 | D:4      | Reached skill level 5 in Short Blades
  3374 | D:4      | Killed Dowan
  3374 | D:4      | Reached XP level 7. HP: 21/46 MP: 6/10
  3522 | D:5      | Entered Level 5 of the Dungeon
  3534 | D:5      | Reached skill level 7 in Stealth
  3680 | D:5      | Found a glowing drain.
  3684 | Sewer    | Entered a sewer
  4202 | D:5      | Noticed Blork the orc
  4212 | D:5      | Killed Blork the orc
  4243 | D:5      | Found a shattered altar of Ashenzari.
  4276 | D:5      | Found a sacrificial altar of Ru.
  4700 | D:6      | Reached XP level 8. HP: 52/52 MP: 11/11
  4721 | D:6      | Got a steaming short sword
  4722 | D:6      | Identified the cursed +1 short sword "Worm's Wrath" {venom,
                  | *Drain rN+ MR+} (You found it on level 6 of the Dungeon)
  4726 | D:6      | Noticed Pikel
  4898 | D:6      | Killed Pikel
  4898 | D:6      | Reached skill level 8 in Stealth
  4898 | D:6      | Reached skill level 10 in Hexes
  4937 | D:6      | Found a glowing golden altar of the Shining One.
  4995 | D:6      | Found the amulet of the Four Winds {rN+ MR+++ Clar}
  5024 | D:6      | Found an iron altar of Okawaru.
  5341 | D:7      | Found a staircase to the Ecumenical Temple.
  5371 | D:7      | Reached skill level 9 in Stealth
  5402 | D:7      | Reached *** piety under Dithmenos
  5469 | D:7      | Reached XP level 9. HP: 57/57 MP: 6/12
  6123 | D:8      | Noticed Maurice
  6128 | D:8      | Killed Maurice
  6128 | D:8      | Reached skill level 10 in Stealth
  6557 | D:8      | Found Caijiciv's General Store.
  6557 | D:8      | Noticed Joseph
  6562 | D:8      | Killed Joseph
  6562 | D:8      | Reached skill level 10 in Short Blades
  6562 | D:8      | Reached XP level 10. HP: 58/63 MP: 8/13
  6721 | D:8      | Found a bloodstained altar of Trog.
  6725 | D:8      | Found a hide-covered altar of Uskayaw.
  6730 | D:8      | Found a shimmering blue altar of Sif Muna.
  6842 | D:8      | Reached skill level 1 in Fighting
  6958 | D:8      | Reached skill level 11 in Stealth
  7113 | D:9      | Noticed a death yak
  7115 | D:9      | Found a staircase to the Lair.
  7117 | D:9      | Noticed a death yak
  7118 | D:9      | Noticed a death yak
  7556 | Lair:1   | Entered Level 1 of the Lair of Beasts
  7869 | Lair:1   | Noticed a spiny frog
  7873 | Lair:1   | Killed a spiny frog
  7895 | Lair:1   | Reached **** piety under Dithmenos
  7904 | Lair:1   | Reached skill level 12 in Stealth
  8355 | Lair:1   | Got a bloodstained ring mail
  8365 | Lair:1   | Reached skill level 5 in Fighting
  8369 | Lair:1   | Reached skill level 15 in Hexes
  8369 | Lair:1   | Reached XP level 11. HP: 66/79 MP: 12/14
  8380 | Lair:1   | Identified the +4 ring mail of Reason {Regen+ Int+4} (You
                  | found it on level 1 of the Lair of Beasts)
  8788 | Lair:1   | Learned a level 3 spell: Dazzling Spray
  8839 | Lair:2   | Found a dark tunnel.
  8848 | Volcano  | Entered a volcano
  8942 | Volcano  | Noticed a centaur warrior
  8946 | Volcano  | Killed a centaur warrior
  8968 | Volcano  | Got a pair of scorched gloves
  8974 | Volcano  | Identified the cursed +0 pair of gloves "Ruhifan" {rC+ rN+
                  | Str+7 Dex-2} (You found it in a volcano)
  9018 | Volcano  | Noticed a red draconian
  9048 | Volcano  | Killed a red draconian
  9048 | Volcano  | Reached skill level 5 in Dodging
  9295 | Lair:2   | Reached skill level 13 in Stealth
  9347 | Lair:2   | Found a hole to the Spider Nest.
  9413 | Lair:2   | Found a staircase to the Swamp.
 10389 | Lair:3   | Noticed Nergalle
 10393 | Lair:3   | Noticed Gastronok
 10404 | Lair:3   | Killed Nergalle
 10435 | Lair:3   | Killed Gastronok
 10435 | Lair:3   | Reached XP level 12. HP: 26/92 MP: 2/15
 10631 | Lair:3   | Found a hide-covered altar of Uskayaw.
 10659 | Lair:3   | Noticed Fannar
 10673 | Lair:3   | Killed Fannar
 10673 | Lair:3   | Reached skill level 14 in Stealth
 11096 | Lair:4   | Got a jewelled ring mail
 11107 | Lair:4   | Identified the +1 ring mail of the Many Cities {*Slow
                  | Dex+5} (You found it on level 4 of the Lair of Beasts)
 11907 | Lair:5   | Noticed a five-headed hydra
 11934 | Lair:5   | Noticed a seven-headed hydra
 12022 | Lair:5   | Killed a seven-headed hydra
 12243 | Lair:5   | Killed a five-headed hydra
 12344 | Lair:5   | Reached skill level 10 in Dodging
 12346 | Lair:5   | Reached skill level 15 in Stealth
 12544 | Lair:5   | Found a staircase to the Slime Pits.
 12544 | Lair:5   | Found a viscous altar of Jiyva.
 12566 | Lair:5   | Reached ***** piety under Dithmenos
 13061 | Lair:6   | Entered Level 6 of the Lair of Beasts
 13069 | Lair:6   | Reached skill level 10 in Fighting
 13069 | Lair:6   | Reached XP level 13. HP: 103/103 MP: 16/16
 13126 | Lair:6   | Found a frozen archway.
 13144 | IceCv    | Entered an ice cave
 13767 | IceCv    | Got a transparent chain mail
 13775 | IceCv    | Identified the cursed +1 chain mail "Luikka" {Int+7} (You
                  | found it in an ice cave)
 14375 | Lair:6   | Found a runed translucent door.
 14377 | Lair:6   | Noticed a fire dragon
 14386 | Lair:6   | Killed a fire dragon
 14386 | Lair:6   | Reached skill level 16 in Stealth
 14471 | Lair:6   | Paralysed by a hornet for 3 turns
 14922 | Lair:6   | Noticed a fire dragon
 14995 | Lair:6   | Killed a fire dragon
 15811 | D:9      | Reached ****** piety under Dithmenos
 16023 | D:4      | Bought a scroll of acquirement for 624 gold pieces
 16162 | D:10     | Entered Level 10 of the Dungeon
 16187 | D:10     | Learned a level 1 spell: Confusing Touch
 16192 | D:10     | Learned a level 4 spell: Cause Fear
 16198 | D:10     | Reached skill level 1 in Evocations
 16312 | D:10     | Reached XP level 14. HP: 83/113 MP: 17/17
 16858 | D:11     | Reached skill level 17 in Stealth
 16973 | D:11     | Found a flagged portal.
 16982 | Bailey   | Entered a bailey
 17152 | Bailey   | Reached XP level 15. HP: 118/118 MP: 18/18
 17299 | D:11     | Paralysed by a hornet for 2 turns
 17647 | D:11     | Reached skill level 5 in Evocations
 18265 | D:12     | Identified the Almanac of the Harmful Birds
 18407 | D:12     | Found a staircase to the Orcish Mines.
 18657 | D:12     | Found an iron altar of Okawaru.
 18718 | D:12     | Learned a level 2 spell: Blink
 19139 | Orc:1    | Entered Level 1 of the Orcish Mines
 19587 | Orc:2    | Entered Level 2 of the Orcish Mines
 19680 | Orc:2    | Found a roughly hewn altar of Beogh.
 20103 | Orc:1    | Reached skill level 18 in Stealth
 20111 | Orc:2    | Noticed Saint Roka
 20207 | Orc:1    | Killed Saint Roka
 20352 | Orc:2    | Found Gorrumuw's Jewellery Boutique.
 20452 | Orc:2    | Found Tur Ull's Antique Armour Boutique.
 20460 | Orc:2    | Bought a glowing helmet for 202 gold pieces
 20550 | Orc:2    | Found Qoacege's General Store.
 20664 | Orc:2    | Found a runed translucent gate.
 20664 | Orc:2    | Found a runed translucent gate.
 20664 | Orc:2    | Found a runed translucent gate.
 20664 | Orc:2    | Noticed GameOver's ghost (journeyman NaWz)
 20664 | Orc:2    | Noticed JackS81's ghost (journeyman MiBe)
 20665 | Orc:2    | Noticed motoroller71's ghost (journeyman GrFi)
 20745 | Orc:2    | Found a staircase to the Elven Halls.
 20833 | Orc:2    | Found Tuvvych's Antique Weapon Boutique.
 20943 | Orc:2    | Bought the ring "Heiwka" {rPois rC+} for 578 gold pieces
 21121 | D:8      | Bought the +8 demon blade "Bloodbane" {slice, *Rage +Rage
                  | Stlth-} for 764 gold pieces
 21121 | D:8      | Found the +8 demon blade "Bloodbane" {slice, *Rage +Rage
                  | Stlth-}
 21302 | D:13     | Found a hide-covered altar of Uskayaw.
 21535 | D:13     | Found a gate to the Vaults.
 22305 | D:14     | Found a shimmering altar of Xom.
 22664 | D:14     | Reached XP level 16. HP: 94/125 MP: 22/22
 22679 | D:14     | Reached skill level 1 in Translocations
 23325 | D:15     | Entered Level 15 of the Dungeon
 23716 | D:15     | Reached skill level 19 in Stealth
 23923 | D:15     | Found a staircase to the Depths.
 24381 | D:9      | Reached skill level 5 in Spellcasting
 24389 | D:9      | Learned a level 6 spell: Invisibility
 24459 | Swamp:1  | Entered Level 1 of the Swamp
 24533 | Swamp:1  | Noticed a thorn hunter
 24560 | Swamp:1  | Killed a thorn hunter
 25313 | Swamp:1  | Reached skill level 5 in Translocations
 25860 | Swamp:2  | Learned a level 1 spell: Summon Butterflies
 26128 | Swamp:2  | Reached skill level 1 in Summonings
 26248 | Swamp:2  | Noticed a thorn hunter
 26271 | Swamp:2  | Killed a thorn hunter
 27047 | Swamp:3  | Reached XP level 17. HP: 97/131 MP: 27/27
 27985 | Swamp:4  | Entered Level 4 of the Swamp
 28409 | Swamp:4  | Reached skill level 20 in Stealth
 28615 | Swamp:4  | Noticed Mara
 28620 | Swamp:3  | Reached skill level 1 in Armour
 28938 | Swamp:4  | Identified the cursed +0 robe "Valesos" {*Corrode rPois
                  | rC++ Dex+3} (You found it on level 4 of the Swamp)
 28988 | Swamp:4  | Killed Mara
 29662 | Swamp:4  | Got a decaying rune of Zot
 29904 | Spider:1 | Entered Level 1 of the Spider Nest
 31468 | Spider:2 | Reached skill level 5 in Armour
 31611 | Spider:2 | Noticed Arachne
 31657 | Spider:1 | Killed Arachne
 31811 | Spider:1 | Learned a level 5 spell: Yara's Violent Unravelling
 32088 | Spider:3 | Reached XP level 18. HP: 143/143 MP: 30/30
 32211 | Spider:3 | Reached skill level 21 in Stealth
 32874 | Spider:4 | Entered Level 4 of the Spider Nest
 33970 | Spider:4 | Noticed Kirke
 34156 | Spider:4 | Killed Kirke
 35165 | Spider:4 | Got a gossamer rune of Zot
 35519 | Vaults:1 | Entered Level 1 of the Vaults
 36257 | Vaults:1 | Reached skill level 1 in Invocations
 36585 | Vaults:1 | Reached XP level 19. HP: 135/153 MP: 31/31
 36594 | Vaults:1 | Reached skill level 22 in Stealth
 36844 | Vaults:1 | Identified Magic in Simple Steps (You acquired it on level
                  | 1 of the Vaults)
 37278 | Vaults:1 | Reached skill level 15 in Fighting
 38435 | Vaults:2 | Reached skill level 5 in Invocations
 38713 | Vaults:2 | Reached skill level 10 in Armour
 38969 | Vaults:2 | Noticed a Tzitzimitl
 39142 | Vaults:2 | Noticed Margery
 39159 | Vaults:2 | Killed Margery
 39464 | Vaults:2 | Found a staircase to the Crypt.
 39464 | Vaults:2 | Found an ancient bone altar of Kikubaaqudgha.
 39465 | Vaults:2 | Found a basalt altar of Yredelemnul.
 40138 | Vaults:2 | Reached skill level 23 in Stealth
 40144 | Vaults:2 | Noticed a Tzitzimitl
 40758 | Vaults:3 | Found a magical portal.
 41124 | WizLab   | Reached XP level 20. HP: 102/162 MP: 32/32
 41354 | WizLab   | Reached skill level 1 in Transmutations
 42494 | WizLab   | Identified Iskenderun's Almanac of Attacks
 42494 | WizLab   | Identified Iskenderun's Compendium of Confrontation
 43132 | Vaults:3 | Reached skill level 5 in Transmutations
 43616 | Vaults:3 | Reached skill level 10 in Invocations
 44197 | Vaults:4 | Gained mutation: Your body sometimes deteriorates upon
                  | taking damage. [a neqoxec]
 45219 | Vaults:4 | Reached skill level 24 in Stealth
 46122 | Vaults:4 | Reached XP level 21. HP: 67/168 MP: 33/33
 46509 | Vaults:4 | Learned a level 5 spell: Alistair's Intoxication
 46717 | Vaults:4 | Found Oceps's General Store.
 46919 | Elf:1    | Entered Level 1 of the Elven Halls
 46936 | Elf:1    | Reached skill level 1 in Poison Magic
 46958 | Elf:1    | Got a twisted cloak
 46959 | Elf:1    | Identified the +2 cloak of Responsibility {*Drain Int+7
                  | SInv} (You found it on level 1 of the Elven Halls)
 47207 | Elf:1    | Found Becawkeh's Food Boutique.
 47385 | Elf:1    | Identified the +5 war axe "Beastslayer" {pain, rElec}
 47389 | Elf:1    | Noticed Azrael
 47437 | Elf:1    | Killed Azrael
 48645 | Elf:2    | Found a runed translucent gate.
 48645 | Elf:2    | Found a runed translucent gate.
 48645 | Elf:2    | Found a runed translucent gate.
 49158 | Elf:2    | Reached skill level 5 in Poison Magic
 49267 | Elf:2    | Gained mutation: Potions are less effective at restoring
                  | your health. [mutagenic glow]
 49649 | D:11     | Lost mutation: Potions are less effective at restoring your
                  | health. [potion of mutation]
 49649 | D:11     | Lost mutation: Your body sometimes deteriorates upon taking
                  | damage. [potion of mutation]
 49649 | D:11     | Gained mutation: Armour fits poorly on your strangely
                  | shaped body. [potion of mutation]
 49649 | D:11     | Gained mutation: Your magical capacity is low. (-10% MP)
                  | [potion of mutation]
 49649 | D:11     | Gained mutation: You are somewhat resistant to further
                  | mutation. [potion of mutation]
 49650 | D:11     | Lost mutation: Your magical capacity is low. (-10% MP)
                  | [potion of mutation]
 49650 | D:11     | Lost mutation: Armour fits poorly on your strangely shaped
                  | body. [potion of mutation]
 49780 | Elf:3    | Entered Level 3 of the Elven Halls
 49841 | Elf:3    | Upgraded the game from 0.25-a0-73-g9796ba8d15 to
                  | 0.25-a0-80-g9b55229ae5
 50532 | Elf:3    | Reached skill level 25 in Stealth
 50904 | Elf:3    | Identified the cursed +0 whip of the Seven Ghosts
                  | {antimagic, Dex+6}
 50910 | Elf:3    | Identified the +9 flail of Valuable Assets {elec, *Rage
                  | rElec Str+2}
 51938 | Elf:3    | Reached XP level 22. HP: 155/175 MP: 34/34
 51952 | Elf:3    | Identified the +4 long sword "Grim" {slice, rF++}
 52107 | Elf:3    | Got a faintly humming cloak
 52108 | Elf:3    | Identified the +1 cloak "Lussiofa" {rElec rF+ Dex+2} (You
                  | acquired it on level 3 of the Elven Halls)
 52522 | Crypt:1  | Entered Level 1 of the Crypt
 52554 | Crypt:1  | Noticed Mennas
 52556 | Crypt:1  | Reached skill level 10 in Transmutations
 52727 | Crypt:1  | Killed Mennas
 54302 | Crypt:2  | Slain by a snapping turtle zombie

Levels and vault maps discovered:
D:1:      lightli_arrival_statuegarden, layout_basic, minmay_pentomino_o4
D:2:      layout_basic, nicolae_dithmenos_shadow_blocks, vehumet_crystals,
          first_ration, mrwooster_statue_mirror, elyvilon_altar_4
D:3:      layout_basic, corexii_shack
D:4:      layout_loops_corners, kennysheep_little_box, kennysheep_mini,
          serial_shops, nicolae_shop_waterfront, minmay_misc_feat_room,
          trog_hazing_becter, uniq_duvessa
D:5:      wad_lake_hut, layout_rooms, nicolae_ru_the_path_less_chosen,
          gup_sewer_entry_spiral, ashenzari_altar_1, uniq_blork_the_orc
D:6:      layout_cave_pools, okawaru_gym_becter, chequers_serial_rivers_room_a,
          tso_altar, uniq_pikel
D:7:      layout_rooms, minmay_temple_entry_tees
D:8:      layout_basic, minmay_overflow_temple_star_quad, serial_shops, shop,
          uniq_joseph, uniq_maurice
D:9:      layout_roguey, dpeg_lair_monsters
D:10:     layout_rooms, minmay_misc_feat_tower, hangedman_ranch
          [blue_anna_fruit_fields], nrook_guardian_serpent_double
D:11:     layout_roguey, enter_bailey_2
D:12:     layout_layer_cave, hiddenorc1_lemuel, basic_altar
D:13:     layout_cross, erik_vaults_1, basic_altar
D:14:     layout_rooms, minmay_misc_feat_encased, basic_altar, hex_intersection,
          chequers_big_river
D:15:     grunt_enter_depths_snipers, layout_basic, corexii_corridor_pit,
          serial_undead, serial_undead_e, serial_undead_b, serial_undead_f,
          serial_undead_c
Lair:1:   layout_big_grid, grunt_megastairs_4, lemuel_fruit_tree,
          wad_woods_river_01, serial_bayou_shore_b
Lair:2:   layout_layer_cave, swamp_mist, spider_nest_entry_a,
          lightli_volcano_entry_magma_tube
Lair:3:   layout_long_grid, basic_altar, st_stairs_11, serial_bayou_shore_b,
          uniq_nergalle, uniq_fannar, uniq_gastronok
Lair:4:   layout_loops_ring, grunt_forest_small_clearing_treed
Lair:5:   layout_loops_ring, slime_altar_1, infiniplex_staircase_pool_2
Lair:6:   wormcave, layout_regular_city, guppyfry_lair_end_dragon,
          portal_ice_cave_rime
Swamp:1:  layout_basic_swamp, nicolae_swamp_little_tower
Swamp:2:  layout_basic_swamp, nicolae_swamp_round_clearing, swamp_pool5,
          hangedman_swamp_cone
Swamp:3:  layout_falls_marsh, hangedman_swamp_diagram, infiniplex_staircase_pool
Swamp:4:  swamp, layout_basic_swamp, swamp_pool5, nicolae_swamp_treefoil,
          uniq_mara
Spider:1: layout_chambers
Spider:2: layout_spider_delve, uniq_arachne
Spider:3: layout_spider_delve
Spider:4: grunt_spider_rune_parallel, uniq_kirke
Orc:1:    layout_caves
Orc:2:    grunt_orc_cross, layout_diamond_mine, gammafunk_ghost_cemetery
Elf:1:    minmay_ambush_box, layout_geoelf_diagonals, serial_shops, shop_coins,
          hangedman_elf_represent, minivault_11, uniq_azrael
Elf:2:    layout_geoelf_octagon
Elf:3:    grunt_elf_hall_diamonds, layout_geoelf_diagonals
Vaults:1: ontoclasm_vaults_bender, nicolae_vaults_meeting, v_alt_pattern_1,
          v_rooms_5, hangedman_vaults_snaps, nicolae_vaults_hallways_thing,
          hangedman_vaults_unwind, vaults_room_door_ring,
          nicolae_vaults_little_squares_2, grunt_vaults_swirl,
          vaults_dpeg_diagonal, hangedman_vaults_stagger,
          layout_vaults_maze_bifur
Vaults:2: v_misc_12, v_misc_25, v_misc_13, minmay_crypt_entry_necro_gods,
          nicolae_vaults_yaktaur_gun_rack, nicolae_vaults_little_squares_6,
          v_misc_25, vaults_mumra_chevron_long, hangedman_vaults_slice,
          hangedman_vaults_hat, nicolae_vaults_quadrants, hangedman_vaults_trim,
          layout_vaults_big_room, uniq_margery
Vaults:3: vaults_room_fours, ontoclasm_vaults_chip,
          nicolae_vaults_twisting_passages, hangedman_vaults_nodes, v_pattern_3,
          hangedman_vaults_restitches, nicolae_vaults_diagonal_hallway_7,
          vaults_room_fancy_cross, nicolae_vaults_diagonal_hallway_7,
          vaults_dpeg_doors, nicolae_vaults_little_ls, layout_vaults_big_cross,
          portal_desolation_entry_nicolae_nacl, mu_enter_wizlab_4
Vaults:4: v_alt_pattern_4, nicolae_vaults_diagonal_hallway_8,
          vaults_mumra_chevron, v_misc_3, v_misc_18, v_alt_pattern_3,
          hangedman_vaults_maws, v_pattern_1, ontoclasm_vaults_shuriken,
          nicolae_vaults_border_crossing, ontoclasm_vaults_decontamination,
          vaults_room_boxed, st_cross, layout_vaults_omnibox, serial_shops,
          shop_fountains
Crypt:1:  layout_rooms, uniq_mennas
Crypt:2:  layout_misc_corridors, st_stairs_11

Skill      XL: |  1  2  3  4  5  6  7  8  9 10 11 12 13 14 15 16 17 18 19 20 21 22 |
---------------+-------------------------------------------------------------------+-----
Short Blades   | 2 3 4 5 6 8 10 11 13 14 | 14.0
Hexes          | 5 6 7 8 9 11 13 15 16 18 | 18.0
Stealth        | 5 6 7 9 10 12 13 15 16 17 18 19 20 21 23 24 25 | 25.8
Fighting       | 5 8 10 11 13 14 15 | 15.0
Dodging        | 7 10 12 13 | 13.1
Evocations     | 1 4 8 |  8.0
Translocations | 5 |  5.0
Spellcasting   | 7 8 |  8.0
Summonings     | 2 3 |  3.0
Armour         | 5 8 10 | 10.0
Invocations    | 2 8 11 | 11.5
Transmutations | 6 9 10 | 10.0
Poison Magic   | 7 9 |  9.5

Action                   |  1- 3 |  4- 6 |  7- 9 | 10-12 | 13-15 | 16-18 | 19-21 | 22-24 || total
-------------------------+-------+-------+-------+-------+-------+-------+-------+-------++-------
Melee: Dagger            |   168 |   270 |   390 |   203 |       |       |       |       ||  1031
       Bite              |     9 |    26 |    29 |    77 |   226 |   261 |   382 |    84 ||  1094
       Rapier            |       |       |       |   358 |  1618 |  2468 |  2738 |   528 ||  7710
Throw: Dart              |       |       |       |     3 |     2 |    24 |       |       ||    29
 Cast: Ensorcelled Hiber |     8 |     8 |    29 |    70 |    71 |    78 |     4 |       ||   268
       Corona            |     1 |       |       |       |       |       |       |       ||     1
       Confuse           |       |     2 |     8 |    24 |    26 |    27 |    11 |       ||    98
       Tukima's Dance    |       |       |     1 |       |    24 |     4 |    35 |     3 ||    67
       Dazzling Spray    |       |       |       |     4 |       |     5 |     5 |       ||    14
       Confusing Touch   |       |       |       |       |    21 |    49 |    64 |     7 ||   141
       Cause Fear        |       |       |       |       |     1 |     3 |     3 |       ||     7
       Blink             |       |       |       |       |       |     3 |     9 |     1 ||    13
       Invisibility      |       |       |       |       |       |     3 |     8 |       ||    11
       Yara's Violent Un |       |       |       |       |       |       |     2 |     1 ||     3
       Summon Butterflie |       |       |       |       |       |       |     1 |       ||     1
Invok: Shadow Step       |       |       |     2 |     3 |       |    16 |    12 |     2 ||    35
       Shadow Form       |       |       |       |       |       |       |     1 |       ||     1
Evoke: Wand              |       |       |       |       |       |    16 |    24 |       ||    40
       Box of beasts     |       |       |       |       |       |     1 |     2 |       ||     3
       Lightning rod     |       |       |       |       |       |       |     2 |       ||     2
  Use: Scroll            |     8 |     6 |     8 |     6 |    14 |    20 |    18 |     7 ||    87
       Potion            |       |       |     1 |     3 |     2 |     3 |    12 |     4 ||    25
 Stab: Sleeping          |    11 |    18 |    42 |    75 |   129 |   134 |   143 |    10 ||   562
       Distracted        |       |     1 |       |     3 |     9 |    12 |    16 |     4 ||    45
       Confused          |       |     2 |     4 |    20 |    47 |    88 |    71 |     8 ||   240
       Invisible         |       |       |       |       |       |     4 |    11 |    10 ||    25
       Held in net/web   |       |       |       |       |       |     1 |       |       ||     1
Armor: Robe              |    65 |    83 |    69 |    28 |       |       |       |       ||   245
       Ring mail         |       |       |       |    91 |   307 |   144 |       |       ||   542
       Fire dragon scale |       |       |       |       |       |   526 |   532 |   142 ||  1200
Dodge: Dodged            |    99 |   181 |   233 |   345 |  1023 |  1147 |   664 |   186 ||  3878
       Deflected         |       |       |       |       |       |       |    21 |     1 ||    22
Block: Buckler           |       |       |       |       |   125 |   365 |   235 |    71 ||   796

Table legend:
 A = Non-vault XP
 B = Vault XP
 C = Vault XP percentage of total XP
 D = Non-vault monster count
 E = Vault monster count
 F = Vault count percentage of total count
                 A         B        C        D         E       F
            +---------+---------+-------+---------+---------+-------
      Total |  414826 |  304920 |  42.4 |    1211 |     549 |  31.2
            +---------+---------+-------+---------+---------+-------
        D:1 |      44 |       5 |  10.2 |      24 |       2 |   7.7
        D:2 |      71 |       0 |   0.0 |      27 |       0 |   0.0
        D:3 |      74 |       2 |   2.6 |      28 |       1 |   3.4
        D:4 |     372 |     237 |  38.9 |      16 |       5 |  23.8
        D:5 |     199 |     138 |  40.9 |       5 |       8 |  61.5
        D:6 |     177 |     651 |  78.6 |       4 |       1 |  20.0
        D:7 |    1138 |       0 |   0.0 |      23 |       0 |   0.0
        D:8 |    1750 |     938 |  34.9 |      40 |       2 |   4.8
        D:9 |    2066 |    3029 |  59.5 |      33 |      11 |  25.0
       D:10 |    2725 |    2529 |  48.1 |      16 |       9 |  36.0
       D:11 |    5993 |       0 |   0.0 |      34 |       0 |   0.0
       D:12 |    7645 |     200 |   2.5 |      37 |      17 |  31.5
       D:13 |    6320 |    1708 |  21.3 |      32 |       2 |   5.9
       D:14 |   18040 |    1540 |   7.9 |      60 |       1 |   1.6
       D:15 |   14967 |    2905 |  16.3 |      36 |       4 |  10.0
     Lair:1 |    4061 |     991 |  19.6 |      21 |       5 |  19.2
     Lair:2 |    1682 |     607 |  26.5 |       7 |       2 |  22.2
     Lair:3 |    2758 |    4890 |  63.9 |      14 |       5 |  26.3
     Lair:4 |    1901 |       0 |   0.0 |       8 |       0 |   0.0
     Lair:5 |   10771 |       0 |   0.0 |      35 |       0 |   0.0
     Lair:6 |    8756 |   10573 |  54.7 |      29 |      34 |  54.0
    Swamp:1 |   13672 |       0 |   0.0 |      38 |       0 |   0.0
    Swamp:2 |   14941 |     368 |   2.4 |      37 |       3 |   7.5
    Swamp:3 |   14133 |    3203 |  18.5 |      36 |       4 |  10.0
    Swamp:4 |   17345 |   18208 |  51.2 |      36 |      19 |  34.5
   Spider:1 |    9367 |    3858 |  29.2 |      26 |       1 |   3.7
   Spider:2 |   10113 |       0 |   0.0 |      33 |       0 |   0.0
   Spider:3 |   13601 |       0 |   0.0 |      42 |       0 |   0.0
   Spider:4 |   23464 |   24185 |  50.8 |      65 |      52 |  44.4
      Orc:1 |    1318 |    5492 |  80.6 |      22 |       8 |  26.7
      Orc:2 |     374 |    3689 |  90.8 |      10 |      27 |  73.0
      Elf:1 |   19742 |   13234 |  40.1 |      32 |      21 |  39.6
      Elf:2 |    6559 |   23143 |  77.9 |      12 |      28 |  70.0
      Elf:3 |   30127 |   30420 |  50.2 |      49 |      22 |  31.0
   Vaults:1 |   35235 |   32234 |  47.8 |      55 |      41 |  42.7
   Vaults:2 |   23282 |   21695 |  48.2 |      35 |      30 |  46.2
   Vaults:3 |   15942 |   20664 |  56.4 |      32 |      26 |  44.8
   Vaults:4 |   46944 |   25019 |  34.8 |      71 |      41 |  36.6
    Crypt:1 |   16183 |    7964 |  33.0 |      31 |       1 |   3.1
    Crypt:2 |   10974 |    3938 |  26.4 |      20 |       4 |  16.7
      Sewer |       0 |     245 | 100.0 |       0 |      21 | 100.0
     Bailey |       0 |     796 | 100.0 |       0 |      34 | 100.0
      IceCv |       0 |    4203 | 100.0 |       0 |      20 | 100.0
    Volcano |       0 |    3065 | 100.0 |       0 |       6 | 100.0
     WizLab |       0 |   28354 | 100.0 |       0 |      31 | 100.0
            +---------+---------+-------+---------+---------+-------
